 Dungeon Crawl Stone Soup version 0.17.2-1-ge4368a0 (webtiles) character file.

11 tidbits the Insei (level 2, 2/22 HPs)
             Began as a Demigod Transmuter on Sept 7, 2017.
             Quit the game on level 1 of the Dungeon.
             The game lasted 00:02:35 (303 turns).

tidbits the Insei (Demigod Transmuter)               Turns: 303, Time: 00:02:35

Health: 2/22       AC:  2    Str: 13    XL:     2   Next: 6%
Magic:  6/7        EV: 12    Int: 17    God:
Gold:   50         SH:  0    Dex: 16    Spells: 2 memorised, 2 levels left

rFire  . . .     SeeInvis .     e - +1 hand axe (venom)
rCold  . . .     Clarity  .     b - +0 robe
rNeg   . . .     SustAt   +     (no shield)
rPois  .         Gourm    .     (no helmet)
rElec  .         Spirit   .     (no cloak)
rCorr  .         Warding  .     (no gloves)
rMut   .         Stasis   .     (boots currently unavailable)
MR     .....                    (no amulet)
Stlth  +.........               (no ring)
                                (no ring)

@: lethally poisoned (2 -> -2), appendage, flying, not resistant to hostile
enchantments, very unstealthy
A: talons 3, high mp 1, sustain attributes
a: End Transformation


You were on level 1 of the Dungeon.
You were not hungry.
You had grown temporary talons.
You visited 1 branch of the dungeon, and saw 2 of its levels.

You collected 50 gold pieces.

Inventory:

Hand Weapons
 e - a +1 hand axe of venom (weapon)
   (You found it on level 1 of the Dungeon)
 m - a +0 hunting sling
   (You found it on level 1 of the Dungeon)
Missiles
 a - 11 arrows
 f - 15 poisoned arrows
 j - 22 bolts
 k - 47 stones (quivered)
Armour
 b - a +0 robe (worn)
Scrolls
 i - a scroll of remove curse {unknown}
Potions
 l - a potion of flight
Books
 c - a book of Changes

   Spells                             Type                      Level
   a - Beastly Appendage              Transmutation                1
   b - Sticks to Snakes               Transmutation                2
   c - Spider Form                    Transmutation/Poison         3
   d - Ice Form                       Ice/Transmutation            4
   e - Blade Hands                    Transmutation                5
Comestibles
 d - a bread ration
 h - a meat ration


   Skills:
 - Level 0.8 Fighting
 - Level 1.7 Dodging
 - Level 2.6 Unarmed Combat
 - Level 2.0 Spellcasting
 + Level 2.3 Transmutations


You had 2 spell levels left.
You knew the following spells:

 Your Spells              Type           Power        Failure   Level  Hunger
e - Beastly Appendage     Trmt           #.....       10%         1    #......
k - Sticks to Snakes      Trmt           #.........   14%         2    ###....


Dungeon Overview and Level Annotations

Branches:
Dungeon (2/15)


Innate Abilities, Weirdness & Mutations

You have an increased reservoir of magic (+10% MP).
Your attributes are resistant to harm.
You have claws for feet.


Message History

You see here 22 bolts.
j - 22 bolts You see here a hand axe.
You see here 22 stones.
k - 22 stones
There is a stone staircase leading down here.
You climb downwards.
An adder and a worm come into view.
Found a stone staircase leading down.
There is a stone staircase leading up here.
You climb upwards.
There is a stone staircase leading down here.
A bat comes into view.
You barely miss the bat. The bat closely misses you.
Casting: Beastly Appendage
Confirm with . or Enter, or press ? or * to list all spells.
Your feet morph into talons.
The bat hits you but does no damage. The bat hits you but does no damage.
The bat barely misses you.
You slash the bat!
You kill the bat!
You see here a bat corpse.
Found 11 gold pieces.
A rat comes into view.
Found 2 pink potions.
Your transformation is almost over.
A goblin comes into view. It is wielding a club.
Casting: Beastly Appendage
Confirm with . or Enter, or press ? or * to list all spells.
You extend your transformation's duration.
The goblin shouts!
You barely miss the rat. Your kick misses the rat.
You punch the rat, but do no damage. The rat bites you.
* * * LOW HITPOINT WARNING * * *
You hit the rat.
You kill the rat!
Your transformation is almost over.
You barely miss the goblin. The goblin hits you with a club.
* * * LOW HITPOINT WARNING * * *
You barely miss the goblin. The goblin hits you but does no damage.
You hit the goblin.
You kill the goblin!
You have reached level 2!
Memorise Sticks to Snakes, consuming 2 spell levels and leaving 2?
You start memorising the spell.
You continue memorising.
You continue memorising.
You finish memorising.
Spell assigned to 'k'.
Casting: Beastly Appendage
Confirm with . or Enter, or press ? or * to list all spells.
You create a snake!
Your talons disappear.
You now have 34 gold pieces (gained 11).
l - 2 pink potions
Found a leather armour.
Found a dagger.
You see here a leather armour.
You swap places.
Found a hunting sling and 25 stones.
Your ball python withers and dies!
You see here a hunting sling.
m - a hunting sling
k - 47 stones (gained 25)
A giant cockroach comes into view.
Casting: Sticks to Snakes
Confirm with . or Enter, or press ? or * to list all spells.
Your feet morph into talons.
The helpless giant cockroach fails to defend itself.
You hit the giant cockroach.
The giant cockroach is poisoned.
Your kick misses the giant cockroach.
The giant cockroach is almost dead.
You kill the giant cockroach!
Your transformation is almost over.
Found 16 gold pieces.
You now have 50 gold pieces (gained 16).
Your talons disappear.
All of the chunks of flesh in your inventory have rotted away.
There is a stone staircase leading down here.
Casting: Beastly Appendage
Confirm with . or Enter, or press ? or * to list all spells.
Your feet morph into talons.
You climb downwards.
The adder bites you.
* * * LOW HITPOINT WARNING * * *
The worm completely misses you. The adder bites you.
* * * LOW HITPOINT WARNING * * *
You are poisoned.
The adder poisons you!
There is a stone staircase leading up here.
You feel sick. The adder bites you.
* * * LOW HITPOINT WARNING * * *
The worm bites you.
* * * LOW HITPOINT WARNING * * *
You climb upwards.
There is a stone staircase leading down here.
Drink which item? (? for menu, Esc to quit)
It was a potion of flight.
You feel very buoyant.
You fly up into the air.
* * * LOW HITPOINT WARNING * * *
You feel sick. The adder closely misses you.
Are you sure you want to abandon this character and quit the game? (Confirm with "yes".)

..### ###.# #.###....#..###...#
....###...# #............##...##
.##.##..### #..###.###.#.......##
.##.#..## ##..###.....##.......#
.##...## #...##......###.....##
.##..## #..##........###...##
.##..# #####..#..........##...#
.##..# #......#..S.......##...###
.#######.####.#.@........####...#
............#.#w......)..####...#
....†..####...†............###..#
.....### ###.###......###......#
#...)# #.# ##....## #.......
#....# #.# #.........####..
#...... ... ...######### #..
.......# ....#### ##. #....###
##... #.


You could see a worm and an adder.

Vanquished Creatures
  A bat (D:1)
  A giant cockroach (D:1)
  A goblin (D:1)
  A hobgoblin (D:1)
  4 jackals (D:1)
  A ball python (D:1)
  2 rats (D:1)
11 creatures vanquished.

Notes
Turn   | Place    | Note
--------------------------------------------------------------
     0 | D:1      | tidbits the Demigod Transmuter began the quest for the Orb.
     0 | D:1      | Reached XP level 1. HP: 15/15 MP: 5/5
    59 | D:1      | Reached skill level 2 in Spellcasting
    76 | D:1      | Reached skill level 2 in Transmutations
   180 | D:1      | Reached XP level 2. HP: 4/22 MP: 5/7
   184 | D:1      | Learned a level 2 spell: Sticks to Snakes
   302 | D:1      | HP: 2/22 [poisoned by an adder]
   303 | D:1      | Quit the game

Action                   || total
-------------------------++-------
Melee: Hand axe          ||    24
 Cast: Beastly Appendage ||     6
       Sticks to Snakes  ||     1
  Use: Potion            ||     1
 Stab: Sleeping          ||     1

Table legend:
 A = Turns spent in this place as a percentage of turns spent in the entire game.
 B = Non-inter-level travel turns spent in this place as a percentage of non-inter-level travel turns spent in the entire game.
 C = Inter-level travel turns spent in this place as a percentage of turns spent in this place.
 D = Turns resting spent in this place as a percentage of non-inter-level travel turns spent in this place.
 E = Turns spent auto-exploring this place as a percentage of non-inter-level travel turns spent in this place.
 F = Non-inter-level travel turns spent in this place divided by the number of levels of this place that you've seen.
                   A       B       C       D       E      F
               +-------+-------+-------+-------+-------+----------------------
         Total | 100.0 | 100.0 |   0.3 |   0.0 |   0.0 | 142.5
       Dungeon | 100.0 | 100.0 |   0.3 |   0.0 |   0.0 | 142.5
               +-------+-------+-------+-------+-------+----------------------

Table legend:
 A = Kills in this place as a percentage of kills in entire the game.
 B = Kills by you in this place as a percentage of kills by you in the entire game.
 C = Kills by friends in this place as a percentage of kills by friends in the entire game.
 D = Other kills in this place as a percentage of other kills in the entire game.
 E = Experience gained in this place as a percentage of experience gained in the entire game.
 F = Experience gained in this place divided by the number of levels of this place that you have seen.
                   A       B       C       D       E      F
               +-------+-------+-------+-------+-------+----------------------
         Total | 100.0 | 100.0 |  -nan |  -nan | 100.0 |   8.5
       Dungeon | 100.0 | 100.0 |  -nan |  -nan | 100.0 |   8.5
               +-------+-------+-------+-------+-------+----------------------

Vault maps used:
D:1:      dpeg_arrival_lava_altar
D:2:      minitemple
